 Dungeon Crawl Stone Soup version 0.25-a0-785-gb22c70e859 (webtiles) character file.

Game seed: 824267304646152027, levelgen mode: deterministic

88 Asagix the Charmwright (level 4, 0/33 HPs)
             Began as a Human Skald on Apr 17, 2020.
             Succumbed to an adder's poison
             ... on level 2 of the Dungeon.
             The game lasted 00:08:00 (1458 turns).

Asagix the Charmwright (Human Skald)                Turns: 1458, Time: 00:08:00

Health: 0/33       AC:  3    Str: 11    XL:     4   Next: 81%
Magic:  6/7        EV: 12    Int: 14    God:
Gold:   90         SH:  0    Dex: 13    Spells: 1/7 levels left

rFire    . . .     SeeInvis .   j - +4 whip
rCold    . . .     Gourm    .   (no shield)
rNeg     . . .     Faith    .   b - +0 leather armour
rPois    .         Spirit   .   (no helmet)
rElec    .         Reflect  .   (no cloak)
rCorr    .         Harm     .   (no gloves)
MR       .....                  (no boots)
Stlth    +.........             (no amulet)
HPRegen  0.11/turn              (no ring)
MPRegen  0.10/turn              (no ring)

@: lethally poisoned (0 -> -13), infused
A: no striking features
a: no special abilities


You were on level 2 of the Dungeon.
You were not hungry.

You visited 1 branch of the dungeon, and saw 2 of its levels.

You collected 90 gold pieces.

Inventory:

Hand Weapons
 a - a +0 falchion
 j - a +4 whip (weapon)
Armour
 b - a +0 leather armour (worn)
Scrolls
 e - a scroll of enchant armour {unknown}
 f - 3 scrolls of teleportation {unknown}
 g - a scroll of identify {unknown}
 h - a scroll of immolation {unknown}
 i - 2 scrolls of remove curse {unknown}
Potions
 c - a potion of brilliance
 k - a potion of lignification
 l - a potion of cancellation {unknown}
Comestibles
 d - 2 rations


   Skills:
 + Level 2.2 Fighting
 + Level 2.8 Long Blades
 + Level 0.3 Maces & Flails
 + Level 1.7 Armour
 + Level 2.3 Dodging
 + Level 0.7 Stealth
 + Level 2.4 Spellcasting
 + Level 0.1 Hexes
 * Level 3.4 Charms


You had one spell level left.
You knew the following spells:

 Your Spells              Type           Power        Failure   Level  Hunger
a - Infusion              Chrm           ##..         8%          1    #......
b - Song of Slaying       Chrm           ##......     11%         2    ###....
c - Spectral Weapon       Hex/Chrm       #.......     41%         3    ###....

Your spell library contained the following spells:

 Spells                   Type           Power        Failure   Level  Hunger
 Shroud of Golubria       Chrm/Tloc      #.....       22%         2    ###....
 Ozocubu's Armour         Chrm/Ice       #.......     41%         3    ###....


Dungeon Overview and Level Annotations

Branches:
Dungeon (2/15)

Altars:


Message History

You barely miss the adder.
* * * LOW HITPOINT WARNING * * *
You feel sick. The adder barely misses you.
You closely miss the adder.
* * * LOW HITPOINT WARNING * * *
You feel sick. The adder bites you.
* * * LOW HITPOINT WARNING * * *
You are more poisoned.
The adder poisons you! The adder closely misses you.
Casting: Infusion (safe; 8% risk of failure)
Confirm with . or Enter, or press ? or * to list all spells.
You begin infusing your attacks with magical energy.
* * * LOW HITPOINT WARNING * * *
You feel sick. The adder closely misses you.
Your leather armour prevents you from hitting the adder.
* * * LOW HITPOINT WARNING * * *
You feel sick. The adder closely misses you.
The adder bites you but does no damage.
You barely miss the adder.
You die...

#.# #.#.#.###.# #.#
#.#.#.###.# #.#
#.#...(...# #.#
##.###.##..# #### #.#
#.....(.#..# .... #.#
#.#####.#... #..#.#
#####.# #.....
#....####.....# #.....
##....S@......# #.#..#
###.####.##..#####.#...
#.. ...###.<.....##.#
#......# ###........#
######.# #.######## #.#
#<# #.. ..# ### ####


You could see an adder.

Vanquished Creatures
  5 adders (D:2)
  A dart slug (D:2)
  2 giant cockroaches
  8 goblins
  6 hobgoblins
  6 kobolds
  4 bats
  6 frilled lizards
  6 rats
44 creatures vanquished.

Notes
Turn   | Place    | Note
-------+----------+-------------------------------------------
     0 | D:1      | Asagix the Human Skald began the quest for the Orb.
     0 | D:1      | Reached XP level 1. HP: 16/16 MP: 3/3
    48 | D:1      | Reached XP level 2. HP: 6/22 MP: 5/5
   627 | D:1      | Reached XP level 3. HP: 27/27 MP: 6/6
   921 | D:2      | HP: 1/27 [poisoned by an adder]
  1128 | D:2      | Reached XP level 4. HP: 33/33 MP: 7/7
  1132 | D:2      | Learned a level 2 spell: Song of Slaying
  1199 | D:2      | Learned a level 3 spell: Spectral Weapon
  1458 | D:2      | Succumbed to an adder's poison

Levels and vault maps discovered:
D:1:      saegor_arrival_miasma, layout_basic
D:2:      layout_loops_ring, minmay_3d_cube

Action                   |  1- 3 |  4- 6 || total
-------------------------+-------+-------++-------
Melee: Falchion          |    46 |       ||    46
       Whip              |    28 |    54 ||    82
 Cast: Infusion          |       |     4 ||     4
       Spectral Weapon   |       |     2 ||     2
       Song of Slaying   |       |     1 ||     1
  Use: Potion            |     4 |       ||     4
  Eat: Ration            |     1 |       ||     1
Armor: Leather armour    |    25 |    21 ||    46
Dodge: Dodged            |    82 |    46 ||   128
       Rpst.: Falchion   |    19 |       ||    19

Table legend:
 A = Non-vault XP
 B = Vault XP
 C = Vault XP percentage of total XP
 D = Non-vault monster count
 E = Vault monster count
 F = Vault count percentage of total count
                 A         B        C        D         E       F
            +---------+---------+-------+---------+---------+-------
      Total |      95 |      31 |  24.6 |      39 |       5 |  11.4
            +---------+---------+-------+---------+---------+-------
        D:1 |      31 |       0 |   0.0 |      22 |       0 |   0.0
        D:2 |      64 |      31 |  32.6 |      17 |       5 |  22.7
            +---------+---------+-------+---------+---------+-------
